cohdb
Replays
Latest Replays
All Replays
Popular Replays
Top Player Replays
Match Explorer
How It Works
Community
CoH3 Stats
Reddit
Sign in to upload your games and track your stats! →
Sign in with Steam
Match 45447037
Unlisted
Match 45447037
Overview
Messages
Build Orders
End
Construct Infanterie Kompanie
Kettenkrad Recon Vehicle
Selects Luftwaffe Battlegroup
Selects Luftwaffe Pioneer Support
MG 42 Machine Gun Team
MG 42 Machine Gun Team
Grenadier Squad
Construct Luftwaffe Kompanie
GrW 34 Mortar Team
Jäger Squad
Selects LG40 Recoilless Gun Paradrop
LG40 Recoilless Gun Paradrop
Medical Station
Luftwaffe Officer Quarters
LG40 Recoilless Gun Paradrop
Jäger Squad
Selects Stuka Strafing Run
Selects Fallschirmjäger Squad Paradrop
Construct Panzer Kompanie
Stuka Strafing Run
Panzer IV Medium Tank
Selects Fragmentation Bombs
Stuka Strafing Run
Side Skirts
Jikker
Manuel
SneaKerz
gb_gbg
0
0
Comments
sign in to comment!
No comments posted yet!